 Dungeon Crawl Stone Soup version 0.22.1-2-g9c5b331383 (webtiles) character file.

85 Mysteryquy the Skirmisher (level 4, -6/40 HPs)
             Began as a Hill Orc Fighter on Nov 14, 2018.
             Killed by divine providence
             ... invoked by an orc priest
              (8 damage)
             ... on level 3 of the Dungeon.
             The game lasted 00:02:57 (1729 turns).

Mysteryquy the Skirmisher (Hill Orc Fighter)        Turns: 1729, Time: 00:02:58

Health: -6/40      AC:  6    Str: 19    XL:     4   Next: 48%
Magic:  4/4        EV:  7    Int:  8    God:
Gold:   131        SH:  9    Dex: 10    Spells: 3/3 levels left

rFire    . . .     SeeInvis .   a - +0 long sword
rCold    . . .     Gourm    .   c - +0 shield
rNeg     . . .     Faith    .   b - +0 scale mail
rPois    .         Spirit   .   (no helmet)
rElec    .         Reflect  .   p - scarf {cloud immunity}
rCorr    .         Harm     .   (no gloves)
MR       .....                  (no boots)
Stlth    ..........             (no amulet)
HPRegen  0.13/turn              (no ring)
MPRegen  0.09/turn              (no ring)

@: no status effects
A: no striking features
a: Convert to Beogh


You were on level 3 of the Dungeon.
You were very hungry.

You visited 1 branch of the dungeon, and saw 3 of its levels.

You collected 131 gold pieces.

Inventory:

Hand Weapons
 a - a +0 long sword (weapon)
Armour
 b - a +0 scale mail (worn)
 c - a +0 shield (worn)
 p - a scarf of cloud immunity (worn)
Jewellery
 n - a cursed ring of teleportation {unknown}
Scrolls
 e - 2 scrolls of fog {unknown}
 g - a scroll of amnesia {unknown}
 i - 3 scrolls of remove curse {unknown}
 j - a scroll of identify {unknown}
 k - a scroll of teleportation {unknown}
 o - a scroll of enchant armour {unknown}
 q - a scroll of blinking {unknown}
Potions
 d - a potion of might
 h - a potion of brilliance {unknown}
 l - a potion of mutation {unknown}
 m - a potion of flight {unknown}
 r - a potion of lignification {unknown}
Comestibles
 f - 6 rations


   Skills:
 + Level 4.1 Fighting
 + Level 3.7 Long Blades
 + Level 3.6 Armour
 + Level 0.4 Dodging
 + Level 3.9 Shields


You had 3 spell levels left.
You didn't know any spells.
Your spell library was empty.

Dungeon Overview and Level Annotations

Branches:
Dungeon (3/15)

Altars:


Message History

The orc priest looks encouraged for a moment.
The orc hits you but does no damage.
Your scale mail prevents you from hitting the orc priest.
The orc priest threatens, "By the altar or by the axe, you will meet Beogh!"
The orc priest is severely wounded.
You are feeling very hungry.
The orc priest calls down the wrath of Beogh upon you.
Beogh smites you! You block the orc's attack.
You barely miss the orc priest.
The orc priest is severely wounded.
The orc priest mumbles some strange prayers to Beogh against you.
Beogh smites you!
* * * LOW HITPOINT WARNING * * *
The orc hits you with a hand axe.
* * * LOW HITPOINT WARNING * * *
You hit the orc priest.
The orc priest is almost dead.
The orc priest mumbles some strange prayers to Beogh against you.
Beogh smites you!
You die...

....### #.....#
#.....#.#
#.....#.##############
#.g..g#.#.........<...
#.#..ggo#.##.########..#
.....ooo#.##.##.##......
#@#.#.....##.##..#
#.#.#..##.##.##..#
#.#[#..##.##.##..#
#####.#.#........##..#
#.............##......
#.......#.######.##.##
#.......#.# #.##.#
#.......#.# #....#
#.......#†## #.##.#


You could see an orc priest, 4 gnolls and 3 orcs.

Vanquished Creatures
  3 adders (D:2)
  An ooze (D:3)
  3 leopard geckos
  7 bats
  5 giant cockroaches
  6 hobgoblins
  A quokka (D:2)
  4 ball pythons
  4 frilled lizards
  9 goblins
  6 kobolds
  5 rats
54 creatures vanquished.

Notes
Turn   | Place    | Note
-------+----------+-------------------------------------------
     0 | D:1      | Mysteryquy the Hill Orc Fighter began the quest for the
                  | Orb.
     0 | D:1      | Reached XP level 1. HP: 19/19 MP: 1/1
   133 | D:1      | Reached XP level 2. HP: 20/27 MP: 2/2
   261 | D:1      | Reached skill level 4 in Fighting
   448 | D:1      | Reached XP level 3. HP: 29/33 MP: 3/3
  1233 | D:2      | Reached XP level 4. HP: 40/40 MP: 4/4
  1728 | D:3      | HP: 1/40 [orc/hand axe (4)]
  1729 | D:3      | Killed from afar by an orc priest

Skill      XL: |  1  2  3 |
---------------+----------+-----
Fighting       | 4 |  4.1
Long Blades    | 3 |  3.7
Armour         | |  3.6
Dodging        | |  0.4
Shields        | |  3.9

Action                   |  1- 3 |  4- 6 || total
-------------------------+-------+-------++-------
Melee: Long sword        |   130 |    43 ||   173
  Eat: Chunk             |     1 |     1 ||     2
Armor: Scale mail        |    87 |    11 ||    98
Dodge: Dodged            |    58 |    11 ||    69
Block: Shield            |    86 |    11 ||    97
       Rpst.: Long sword |    17 |     4 ||    21
